 Dungeon Crawl Stone Soup version 0.30-a0-576-g89cddaab80 (webtiles) character file.

Game seed: 5984215214575228218

814 cforsyth the Ruffian (level 7, -1/64 HPs)
             Began as a Ghoul Monk on Dec 31, 2022.
             Slain by a killer bee (5 damage)
             ... on level 5 of the Dungeon.
             The game lasted 00:06:29 (4671 turns).

cforsyth the Ruffian (Ghoul Monk)                   Turns: 4671, Time: 00:06:29

Health: -1/64      AC: 11    Str: 17    XL:     7   Next: 93%
Magic:  6/6        EV:  6    Int:  1    God:
Gold:   280        SH:  0    Dex: 15    Spells: 6/6 levels left

rFire   . . .      SeeInvis .      - Unarmed
rCold   + + .      Faith    .    (no shield)
rNeg    + + +      Spirit   .    j - +0 plate armour
rPois   ∞          Reflect  .    (no helmet)
rElec   .          Harm     .    (no cloak)
rCorr   .          Rampage  .    (no gloves)
Will    .....                    (no boots) Stlth
                                 n - amulet "Kepn" {rC+ rN+ Regen+ Int-4 Dex+4}
HPRegen 0.00/turn                (no ring)
MPRegen 0.10/turn                (no ring)

@: inhibited regen
A: claws 1, cold resistance 1, negative energy resistance 3, inhibited
regeneration, torment resistance 2, devour on kill
a: no special abilities


You were on level 5 of the Dungeon.
You visited 1 branch of the dungeon, and saw 5 of its levels.

You collected 280 gold pieces.

Inventory:

Armour
 a - a +0 robe
 j - a +0 plate armour (worn)
Jewellery
 n - the amulet "Kepn" (around neck) {rC+ rN+ Regen+ Int-4 Dex+4}
   (You found it on level 2 of the Dungeon)

   [amulet of regeneration]

   Int:       It affects your intelligence (-4).
   Dex:       It affects your dexterity (+4).
   rC:        It protects you from cold.
   rN:        It protects you from negative energy.
   Regen:     It increases your rate of health regeneration.
Scrolls
 c - 3 scrolls of blinking
 d - a scroll of teleportation {unknown}
 e - 2 scrolls of immolation {unknown}
 f - 8 scrolls of identify {unknown}
 g - 2 scrolls of enchant armour {unknown}
 k - 2 scrolls of noise {unknown}
 l - a scroll of fog {unknown}
 m - 2 scrolls of vulnerability {unknown}
 p - a scroll of butterflies {unknown}
 r - a scroll of magic mapping {unknown}
 s - 2 scrolls of fear {unknown}
 u - a scroll of poison {unknown}
Potions
 b - 2 potions of ambrosia
 i - 2 potions of flight {unknown}
 o - 2 potions of might {unknown}
 q - 2 potions of heal wounds {unknown}
 t - a potion of brilliance {unknown}


   Skills:
 + Level 6.4 Fighting
 + Level 4.0 Armour
 - Level 2.6 Dodging
 - Level 2.1 Stealth
 + Level 6.5 Unarmed Combat


You had 6 spell levels left.
You didn't know any spells.
Your spell library contained the following spells:

 Spells                   Type           Power      Damage    Failure   Level
 Ensorcelled Hibernation  Hex/Ice        0%         N/A       100%        2
 Passwall                 Tmut/Erth      0%         N/A       100%        2
 Swiftness                Air            0%         N/A       100%        3


Dungeon Overview and Level Annotations

Branches:
Dungeon (5/15)
 Temple: D:4-7

Altars:
Gozag

Shops:
D:3 (


Innate Abilities, Weirdness & Mutations

You are immune to poison.
You have sharp fingernails.
Your flesh is cold resistant. (rC+)
You are immune to negative energy. (rN+++)
You do not regenerate when monsters are visible.
You are immune to unholy pain and torment.
You thrive by killing the living.


Message History

The white imp hits you but does no damage.
You claw the white imp!
You kill the white imp!
The killer bee stings you but does no damage.
You closely miss the killer bee.
The killer bee stings you but does no damage.
The killer bee barely misses you.
You claw the killer bee!
The killer bee is heavily wounded.
The killer bee stings you.
* * * LOW HITPOINT WARNING * * *
The killer bee stings you.
* * * LOW HITPOINT WARNING * * *
You closely miss the killer bee.
The killer bee is heavily wounded.
The killer bee stings you.
* * * LOW HITPOINT WARNING * * *
The killer bee stings you but does no damage.
You scratch the killer bee.
The killer bee is severely wounded.
The killer bee completely misses you.
You scratch the killer bee.
The killer bee is almost dead.
The killer bee stings you.
* * * LOW HITPOINT WARNING * * *
The killer bee closely misses you.
You scratch the killer bee but do no damage.
The killer bee is almost dead.
The killer bee stings you but does no damage. x2
You scratch the killer bee but do no damage.
The killer bee is almost dead.
The killer bee stings you but does no damage. x2
You closely miss the killer bee.
The killer bee is almost dead.
The killer bee stings you.
* * * LOW HITPOINT WARNING * * *
You scratch the killer bee.
The killer bee is almost dead.
The killer bee stings you.
You die...

#.# #####.# ...(.# .o..# ###
...## #.# .## ... ... ..## #.#
#.# ... #.# #.# #..### ###)######
#@# #....# #...o....# #y#+###
#....# #.....o..###oo...#
#....####
#[.......+.......+.##........
#........###.....#......g.###
#####.)......................
#.....y.#.....#......†....
########..###..#...........<...#.
..........# #..######.#####.##.#.


You could see a killer bee and 2 orcs.

Vanquished Creatures
  A black bear (D:4)
  An ogre (D:4)
  2 scorpions
  5 killer bees (D:5)
  A jelly (D:3)
  An orc priest (D:3)
  Terence (D:2)
  An orc wizard (D:3)
  A gnoll (D:5)
  6 adders
  A white imp (D:5)
  20 orcs
  6 bats
  8 endoplasms
  6 giant cockroaches
  5 goblins
  7 hobgoblins
  7 quokkas
  6 ball pythons
  4 frilled lizards
  4 kobolds
  4 rats
98 creatures vanquished.

Notes
Turn   | Place    | Note
-------+----------+-------------------------------------------
     0 | D:1      | cforsyth the Ghoul Monk began the quest for the Orb.
     0 | D:1      | Reached XP level 1. HP: 19/19 MP: 0/0
   171 | D:1      | Reached XP level 2. HP: 26/26 MP: 1/1
   607 | D:1      | Reached XP level 3. HP: 33/33 MP: 2/2
  1220 | D:2      | Identified the amulet "Kepn" {rC+ rN+ Regen+ Int-4 Dex+4}
  1427 | D:2      | Noticed Terence
  1444 | D:2      | Killed Terence
  1445 | D:2      | Reached skill level 1 in Armour
  1445 | D:2      | Reached XP level 4. HP: 32/41 MP: 3/3
  1524 | D:2      | Found a faded altar of an unknown god.
  1780 | D:3      | Found Areypiju's Antique Weapon Emporium.
  1789 | D:3      | Reached XP level 5. HP: 41/47 MP: 4/4
  2916 | D:3      | Reached skill level 5 in Fighting
  2916 | D:3      | Reached skill level 5 in Unarmed Combat
  3136 | D:4      | Reached XP level 6. HP: 56/56 MP: 5/5
  3598 | D:4      | Found an opulent altar of Gozag.
  3719 | D:4      | Noticed a black bear
  3724 | D:4      | Killed a black bear
  3858 | D:5      | Entered Level 5 of the Dungeon
  3902 | D:4      | Reached XP level 7. HP: 41/62 MP: 6/6
  4642 | D:5      | HP: 3/63 [killer bee (6)]
  4671 | D:5      | Slain by a killer bee

Illustrated notes

Levels and vault maps discovered:
D:1:      dpeg_arrival_pits, layout_loops_corners, minmay_heptomino_d4
D:2:      minmay_wonky_spiral, layout_loops_cross,
          chequers_ecumenical_altar_simple_redux, minmay_misc_feat_ornament,
          minmay_hedge_maze, uniq_terence
D:3:      layout_loops_ring, serial_shops, nicolae_shop_waterfront
D:4:      layout_basic, mainiacjoe_overflow_alcove_1
D:5:      layout_basic

Skill      XL: |  1  2  3  4  5  6  7 |
---------------+----------------------+-----
Fighting       | 4 5 6 |  6.4
Unarmed Combat | 4 5 6 |  6.5
Armour         | 1 2 3 4 |  4.0
Dodging        | |  2.6
Stealth        | |  2.1

Action                   |  1- 3 |  4- 6 |  7- 9 || total
-------------------------+-------+-------+-------++-------
Melee: Unarmed           |   109 |   161 |    91 ||   361
       Punch             |     4 |     2 |     3 ||     9
  Use: Potion            |       |       |     4 ||     4
       Scroll            |       |       |     1 ||     1
 Stab: Sleeping          |     2 |       |       ||     2
Armor: Robe              |     3 |       |       ||     3
       Plate armour      |    30 |   101 |    98 ||   229
Dodge: Dodged            |    33 |    32 |    49 ||   114

Table legend: (Time is in decaauts)
 A = Elapsed time spent in this place.
 B = Non-inter-level travel time spent in this place.
 C = Inter-level travel time spent in this place.
 D = Time resting spent in this place.
 E = Time spent auto-exploring this place.
 F = Levels seen in this place.
 G = Mean time per level.
                   A        B        C        D        E       F      G
               +--------+--------+--------+--------+--------+-----+--------+
         Total |   4646 |   4510 |    136 |   1010 |   2687 |   5 |  929.2 |
       Dungeon |   4646 |   4510 |    136 |   1010 |   2687 |   5 |  929.2 |
               +--------+--------+--------+--------+--------+-----+--------+

Top non-repeatable levels by time:
     D:4: 1401 daAuts
     D:3: 1244 daAuts
     D:1: 928 daAuts
     D:2: 791 daAuts
     D:5: 280 daAuts
